 Dungeon Crawl Stone Soup version 0.24-a0-317-g5cb8de4 (webtiles) character file.

Game seed: 2299652154396842423

3559 Alphaeus the Ducker (level 9, -1/84 HPs)
             Began as a Troll Transmuter on May 17, 2019.
             Was a Priest of Cheibriados.
             Slain by a hornet (13 damage)
             ... while paralysed by a hornet
             ... on level 8 of the Dungeon.
             The game lasted 00:14:04 (7149 turns).

Alphaeus the Ducker (Troll Transmuter)              Turns: 7149, Time: 00:14:04

Health: -1/84      AC: 10    Str: 27    XL:     9   Next: 83%
Magic:  12/12      EV:  1    Int: 19    God:    Cheibriados [***...]
Gold:   485        SH:  0    Dex: 17    Spells: 11/14 levels left

rFire    . . .     SeeInvis +     - Unarmed
rCold    . . .     Gourm    +   f - +0 shield
rNeg     . . .     Faith    .   b - +0 robe
rPois    .         Spirit   .   (helmet restricted)
rElec    .         Reflect  +   H - +1 cloak
rCorr    .         Harm     .   (gloves unavailable)
MR       .....                  (boots unavailable)
Stlth    ++........             k - +3 amulet of reflection
HPRegen  0.64/turn              c - ring of see invisible
MPRegen  0.13/turn              w - +2 ring of protection

@: paralysed, lethally poisoned (-1 -> -6), slowed, very slow
A: large, unfitting armour, claws 3, fast metabolism 3, gourmand, regeneration
1, shaggy fur 1, tough skin 3
a: Bend Time, Temporal Distortion, Renounce Religion


You were on level 8 of the Dungeon.
You worshipped Cheibriados.
Cheibriados was most pleased with you.
You were completely stuffed.

You visited 1 branch of the dungeon, and saw 8 of its levels.
You also visited: Bailey.

You collected 485 gold pieces.

Inventory:

Missiles
 a - 158 arrows
 l - 22 poisoned darts (quivered)
 z - 2 large rocks
Armour
 b - a +0 robe (worn)
 f - a +0 shield (worn)
 H - a +1 cloak (worn)
Magical Staves
 v - an uncursed staff of poison {unknown}
 G - an uncursed staff of cold {unknown}
Jewellery
 c - a ring of see invisible (left claw)
 k - a +3 amulet of reflection (around neck)
 t - an uncursed ring of flight
 w - a +2 ring of protection (right claw)
Wands
 A - a wand of iceblast (7)
 B - a wand of flame (18)
 C - a wand of paralysis (20)
Scrolls
 e - 4 scrolls of random uselessness
 g - 2 scrolls of fog
 i - 2 scrolls of magic mapping
 j - 4 scrolls of remove curse
 p - 3 scrolls of fear
 r - 5 scrolls of teleportation
 x - 2 scrolls of enchant weapon
 y - a scroll of immolation
Potions
 h - a potion of berserk rage
 m - a potion of curing
 n - 4 potions of lignification
 o - 3 potions of agility
 q - 3 potions of ambrosia
 s - 2 potions of invisibility
 D - a potion of cancellation
Miscellaneous
 F - a phantom mirror
Comestibles
 d - 20 rations
 u - 4 chunks of flesh


   Skills:
 + Level 3.7 Fighting
 + Level 3.6 Armour
 * Level 5.7 Dodging
 + Level 5.5 Unarmed Combat
 + Level 3.1 Spellcasting
 * Level 5.2 Transmutations
 * Level 4.4 Invocations


You had 11 spell levels left.
You knew the following spells:

 Your Spells              Type           Power        Failure   Level  Hunger
a - Beastly Appendage     Tmut           ###...       12%         1    None
b - Sticks to Snakes      Tmut           ###.....     19%         2    ##.....

Your spell library contained the following spells:

 Spells                   Type           Power        Failure   Level  Hunger
 Spider Form              Tmut/Pois      ##........   73%         3    ###....
 Ice Form                 Ice/Tmut       ##......     98%         4    ####...
 Blade Hands              Tmut           ###.......   98%         5    ######.


Dungeon Overview and Level Annotations

Branches:
Dungeon (8/15)             Temple (0/1) D:7            Lair (0/6) D:8

Altars:
Ashenzari
Cheibriados
Dithmenos
Fedhas
Kikubaaqudgha
Nemelex Xobeh
Uskayaw
Xom

Annotations:
D:4 2 transporters


Innate Abilities, Weirdness & Mutations

You are too large for most types of armour.
You have claws for hands.
Your metabolism is lightning-fast.
You like to eat raw meat.
Your natural rate of healing is unusually fast.
You are covered in fur. (AC +1)
You have extremely tough skin. (AC +3)


Message History

You are more poisoned.
You feel as though you will be slow longer.
You are too injured to fight recklessly!
You are too injured to fight recklessly!
You closely miss the hornet.
The hornet is moderately wounded.
You feel sick. You block the hornet's attack. The hornet barely misses you.
You mangle the hornet!!
The hornet is severely wounded.
You feel sick. You block the hornet's attack. The hornet completely misses you.
You barely miss the hornet.
The hornet is severely wounded.
You feel sick. The hornet stings you!
You are more poisoned.
You feel as though you will be slow longer.
The hornet barely misses you. The hornet stings you!
* * * LOW HITPOINT WARNING * * *
You suddenly lose the ability to move!
You feel sick. The hornet stings you!
You die...

........#.....#..# #
..###...##..#.#..#.# #
.................#.# .#
............#.##.#.#..##
.........(..............
.#.................#.
............#.##.###.####
.#.########.#.##........#
.#.# #.....@########
.#.########.....y....#
................(###.#
........###........
#######.# #...#..##
#######.# #...#..#
........# #...#....
.######## #...#.### .#
#..##


You could see a hornet.

Vanquished Creatures
  Grinder (D:3)
  Sigmund (D:2)
  A human (D:7)
  4 hogs (D:7)
  4 orc warriors
  A black bear (D:6)
  An ogre (D:4)
  2 centaurs (D:5)
  4 bullfrogs
  A wyvern skeleton (D:6)
  4 wights (D:6)
  A howler monkey (D:5)
  2 crimson imps
  A bullfrog zombie (D:8)
  A quasit (D:7)
  2 jellies (D:7)
  3 orc priests
  2 bullfrog skeletons (D:7)
  6 hounds
  2 orc wizards (D:5)
  Crazy Yiuf (D:7)
  2 gnoll shamans (D:6)
  A centaur skeleton (D:3)
  2 iguanas
  10 worker ants
  A hound zombie (D:6)
  A worker ant zombie (D:5)
  12 gnolls
  A howler monkey skeleton (D:4)
  7 adders
  A shadow imp (D:6)
  2 oozes
  An adder skeleton (D:4)
  2 worms
  3 dart slugs
  5 leopard geckos
  9 orcs
  4 giant cockroaches
  7 goblins
  5 hobgoblins
  2 jackals (D:8)
  10 kobolds
  5 quokkas
  4 ball pythons
  12 bats
  8 frilled lizards
  A jackal skeleton (D:6)
  A leopard gecko zombie (D:5)
  17 rats
181 creatures vanquished.

Vanquished Creatures (others)
  An orc wizard (D:5)
  6 kobolds (Bailey)
7 creatures vanquished.

Grand Total: 188 creatures vanquished

Notes
Turn   | Place    | Note
-------+----------+-------------------------------------------
     0 | D:1      | Alphaeus the Troll Transmuter began the quest for the Orb.
     0 | D:1      | Reached XP level 1. HP: 18/18 MP: 1/1
   120 | D:1      | Reached XP level 2. HP: 26/26 MP: 3/3
   191 | D:1      | Reached skill level 1 in Fighting
   490 | D:1      | You fall through a shaft!
   702 | D:1      | Reached XP level 3. HP: 33/33 MP: 4/4
  1176 | D:2      | Found a sparkling altar of Nemelex Xobeh.
  1282 | D:2      | Noticed Sigmund
  1288 | D:2      | Killed Sigmund
  1288 | D:2      | Reached skill level 1 in Armour
  1288 | D:2      | Reached XP level 4. HP: 41/41 MP: 5/5
  1288 | D:2      | Reached XP level 5. HP: 48/48 MP: 6/6
  1638 | D:3      | Reached XP level 6. HP: 44/57 MP: 7/7
  2009 | D:3      | Noticed Grinder
  2023 | D:3      | Killed Grinder
  2023 | D:3      | Reached XP level 7. HP: 38/65 MP: 7/9
  2745 | D:4      | Found a transporter.
  2921 | D:4      | Found a transporter.
  2999 | D:4      | Found a snail-covered altar of Cheibriados.
  3003 | D:4      | Became a worshipper of Cheibriados the Contemplative
  3216 | D:4      | Noticed a fire bat
  3290 | D:5      | Entered Level 5 of the Dungeon
  3498 | D:5      | Reached skill level 1 in Invocations
  3579 | D:5      | Reached XP level 8. HP: 69/74 MP: 10/10
  3798 | D:5      | Reached * piety under Cheibriados
  4641 | D:6      | Reached ** piety under Cheibriados
  5215 | D:7      | Reached XP level 9. HP: 72/81 MP: 10/12
  5219 | D:7      | Learned a level 2 spell: Sticks to Snakes
  5272 | D:7      | Found a staircase to the Ecumenical Temple.
  5309 | D:7      | Found a hide-covered altar of Uskayaw.
  5311 | D:7      | Found a shattered altar of Ashenzari.
  5370 | D:7      | Reached skill level 5 in Unarmed Combat
  5376 | D:7      | Found a flagged portal.
  5443 | Bailey   | Entered a bailey
  5487 | Bailey   | Reached skill level 5 in Dodging
  5618 | Bailey   | Identified the +1 battleaxe "Ywioq" {holy, rPois Str+5
                  | Int+4} (You found it in a bailey)
  5871 | Bailey   | Found a bloodstained altar of Trog.
  6028 | D:7      | Reached *** piety under Cheibriados
  6036 | D:7      | Reached skill level 5 in Transmutations
  6335 | D:7      | Found a runed translucent door.
  6336 | D:7      | Noticed Crazy Yiuf
  6445 | D:7      | Found a radiant altar of Vehumet.
  6447 | D:7      | Found a blossoming altar of Fedhas.
  6447 | D:7      | Found a shimmering altar of Xom.
  6453 | D:7      | Found an ancient bone altar of Kikubaaqudgha.
  6453 | D:7      | Found a shadowy altar of Dithmenos.
  6453 | D:7      | Found a sparkling altar of Nemelex Xobeh.
  6653 | D:7      | Killed Crazy Yiuf
  6756 | D:8      | Found a staircase to the Lair.
  7143 | D:8      | Paralysed by a hornet for 1 turns
  7148 | D:8      | Paralysed by a hornet for 2 turns
  7149 | D:8      | Slain by a hornet

Levels and vault maps discovered:
D:1:      minmay_arrival_solitary_statue, layout_loops_corners, minmay_bisected
D:2:      layout_loops_cross, nemelex_xobeh_ov_fountains_minmay,
          minmay_rat_gold_closets, uniq_sigmund
D:3:      minmay_recursive_quarters, layout_basic, minmay_close_crescents,
          uniq_grinder
D:4:      gammafunk_cloud_chamber, layout_cave_pools, marbit_many_paths
D:5:      layout_basic, first_ration
D:6:      layout_loops_cross
D:7:      layout_loops_ring, doesnt_xom_only_xom,
          nicolae_overflow_hidden_temple, minmay_temple_entry_grid,
          enter_bailey_8, grunt_livestock, uniq_crazy_yiuf_cottage
D:8:      layout_basic, lair_entry_dummy, minmay_mini_ossuary

Skill      XL: |  1  2  3  4  5  6  7  8  9 |
---------------+----------------------------+-----
Fighting       | 1 2 3 |  3.7
Dodging        | 2 3 4 5 |  5.7
Armour         | 1 2 3 |  3.6
Transmutations | 2 3 4 5 |  5.2
Spellcasting   | 2 3 |  3.1
Unarmed Combat | 4 5 |  5.5
Invocations    | 1 3 4 |  4.4

Action                   |  1- 3 |  4- 6 |  7- 9 || total
-------------------------+-------+-------+-------++-------
Melee: Unarmed           |    95 |   122 |   459 ||   676
       Punch             |       |     1 |     4 ||     5
Throw: Dart              |       |       |    28 ||    28
  Use: Scroll            |       |     4 |    19 ||    23
       Potion            |       |       |     5 ||     5
 Stab: Sleeping          |       |     4 |     3 ||     7
       Distracted        |       |       |     1 ||     1
  Eat: Chunk             |    17 |     7 |    36 ||    60
Armor: Robe              |    36 |    42 |   168 ||   246
       Skin              |       |       |     8 ||     8
Dodge: Dodged            |    41 |    51 |   263 ||   355
Block: Other             |       |     8 |    43 ||    51
       Reflection        |       |     1 |    34 ||    35
       Shield            |       |       |   130 ||   130

Table legend:
 A = Non-vault XP
 B = Vault XP
 C = Vault XP percentage of total XP
 D = Non-vault monster count
 E = Vault monster count
 F = Vault count percentage of total count
                 A         B        C        D         E       F
            +---------+---------+-------+---------+---------+-------
      Total |    3108 |    1977 |  38.9 |     138 |      50 |  26.6
            +---------+---------+-------+---------+---------+-------
        D:1 |      33 |       4 |  10.8 |      21 |       3 |  12.5
        D:2 |      37 |     240 |  86.6 |      14 |      10 |  41.7
        D:3 |     228 |     289 |  55.9 |      18 |      15 |  45.5
        D:4 |     275 |       0 |   0.0 |      12 |       0 |   0.0
        D:5 |     620 |       0 |   0.0 |      21 |       0 |   0.0
        D:6 |     991 |       0 |   0.0 |      27 |       0 |   0.0
        D:7 |     700 |    1008 |  59.0 |      17 |       6 |  26.1
        D:8 |     224 |       0 |   0.0 |       8 |       0 |   0.0
     Bailey |       0 |     436 | 100.0 |       0 |      16 | 100.0
            +---------+---------+-------+---------+---------+-------
